 Dungeon Crawl Stone Soup version 0.32-a0-42-ga30500b4d3 (webtiles) character file.

Game seed: 9914481747837681168

298 CraigForest the Covered (level 6, -3/38 HPs)
             Began as a Tengu Fighter on Feb 2, 2024.
             Slain by Grinder (6 damage)
             ... on level 3 of the Dungeon.
             The game lasted 00:08:25 (2098 turns).

CraigForest the Covered (Tengu Fighter)             Turns: 2098, Time: 00:08:27

Health: -3/38      AC:  4    Str: 17    XL:     6   Next: 36%
Magic:  7/7        EV: 11    Int:  8    God:
Gold:   237        SH:  5    Dex: 15    Spells: 5/5 levels left

rFire   + . .        a - +0 long sword
rCold   + . .        c - +0 buckler
rNeg    . . .        x - +2 robe {rC+ rF+}
rPois   .            (helmet restricted)
rElec   .            (no cloak)
rCorr   .            (no gloves)
SInv    .            (boots unavailable)
Will    .....        i - amulet of the acrobat
Stlth   +            j - ring of wizardry
HPRegen 0.26/turn    k - ring of wizardry
MPRegen 0.10/turn

%: acrobat, wizardry (x2)
@: no status effects
A: beak, talons 3, acrobatic
a: no special abilities


You were on level 3 of the Dungeon.
You visited 1 branch of the dungeon, and saw 3 of its levels.

You collected 237 gold pieces.

Inventory:

Hand Weapons
 a - a +0 long sword (weapon)
 y - a +6 club
Armour
 b - a +0 scale mail
 c - a +0 buckler (worn)
 x - a +2 robe of resistance (worn)
Magical Staves
 v - a staff of conjuration
Jewellery
 i - an amulet of the acrobat (around neck)
 j - a ring of wizardry (left hand)
 k - a ring of wizardry (right hand)
 n - a ring of wizardry
 p - an amulet of magic regeneration
Talismans
 m - a beast talisman
Scrolls
 e - 3 scrolls of poison {unknown}
 h - a scroll of identify {unknown}
 l - a scroll of immolation {unknown}
 q - a scroll of fear {unknown}
 r - a scroll of silence {unknown}
 s - a scroll of enchant armour {unknown}
 t - a scroll of torment {unknown}
 u - a scroll of revelation {unknown}
 z - a scroll of teleportation {unknown}
Potions
 d - 2 potions of might
 f - 2 potions of heal wounds {unknown}
 g - a potion of brilliance {unknown}
 o - a potion of degeneration {unknown}


   Skills:
 + Level 4.1 Fighting
 + Level 4.6 Long Blades
 + Level 4.7 Armour
 + Level 0.8 Dodging
 + Level 3.8 Shields


You had 5 spell levels left.
You didn't know any spells.
Your spell library contained the following spells:

 Spells                   Type           Power      Damage    Failure   Level
 Leda's Liquefaction      Alch/Erth      0%         N/A       77%         4
 Lee's Rapid Deconstruct  Erth           0%         3d4*      97%         5
 Bombard                  Conj/Erth      0%         9d1       100%        6


Dungeon Overview and Level Annotations

Branches:
Dungeon (3/15)

Altars:

Shops:
D:2 (

Annotations:
D:3 Grinder


Innate Abilities, Weirdness & Mutations

You have a beak for a mouth.
You have claws for feet.
You can magically evade attacks while moving or waiting.


Message History

Throw: 2 darts (poison)
Press: ? - help, Q - select action Shift-Dir - straight line, f - Grinder
Aim: Grinder (heavily wounded, 53% to hit)
You throw a poisoned dart.
The poisoned dart closely misses Grinder.
Throw: dart (poison)
Press: ? - help, Q - select action Shift-Dir - straight line, f/p - Grinder
Aim: Grinder (heavily wounded, 53% to hit)
You throw a poisoned dart. The poisoned dart hits Grinder.
Grinder is heavily wounded.
Grinder says, "Mostly I couldn't keep them alive."
Grinder gestures at you. Pain shoots through your body!
* * * LOW HITPOINT WARNING * * *
Grinder gestures at you.
You suddenly lose the ability to move!
Grinder completely misses you. Grinder hits you!
* * * LOW HITPOINT WARNING * * *
You can move again.
You hit Grinder.
Grinder is severely wounded.
Grinder blinks!
Grinder completely misses you.
You barely miss Grinder.
Grinder is severely wounded.
Grinder completely misses you.
You hit Grinder. You claw Grinder.
Grinder is almost dead.
Grinder barely misses you.
You hit Grinder but do no damage. Your kick misses Grinder.
Grinder is almost dead.
Grinder hits you but does no damage.
You closely miss Grinder.
Grinder is almost dead.
Grinder hits you.
* * * LOW HITPOINT WARNING * * *
You writhe in agony.
You die...
Grinder says, "Hey, I wasn't done torturing you yet!"

. ...#... .#.#.##.# ... .
#.#.###).. #.##.##.#
.###.....#.####.##.(..#.#
.............<#........(#
#.##.....####.....)####.#
#.<#....................#
'.†#......###........####
#..##.....# ##.(..####
#####.†...####..@.# ♣#
#............5#
~#####.........#†.#
~#...........).#..#
##.......#######..#
##..>....# #..#
.........## .....
.#........# ........
..........# ..........B


You could see Grinder.

Vanquished Creatures
  Sigmund (D:2)
  Jessica (D:3)
  4 adders (D:2)
  4 dart slugs
  2 ribbon worms (D:2)
  2 bats (D:1)
  5 endoplasms
  3 giant cockroaches
  5 goblins
  6 hobgoblins
  9 jackals
  10 kobolds
  2 quokkas
  10 ball pythons
  3 frilled lizards
  4 rats
71 creatures vanquished.

Notes
Turn   | Place    | Note
-------+----------+-------------------------------------------
     0 | D:1      | CraigForest the Tengu Fighter began the quest for the Orb.
     0 | D:1      | Reached XP level 1. HP: 14/14 MP: 2/2
    65 | D:1      | Reached XP level 2. HP: 19/19 MP: 3/3
   359 | D:1      | Reached XP level 3. HP: 23/23 MP: 4/4
   758 | D:2      | Noticed Sigmund
   770 | D:2      | Killed Sigmund
   771 | D:2      | Reached XP level 4. HP: 27/29 MP: 5/5
   771 | D:2      | Reached XP level 5. HP: 31/33 MP: 6/6
  1099 | D:2      | Found Tupretez's Antique Weapon Emporium.
  1295 | D:2      | Reached XP level 6. HP: 38/38 MP: 7/7
  1896 | D:3      | Noticed Jessica
  1902 | D:3      | Killed Jessica
  2056 | D:3      | Noticed Grinder
  2080 | D:3      | Paralysed by Grinder for 5 turns
  2090 | D:3      | Paralysed by Grinder for 3 turns
  2098 | D:3      | Slain by Grinder

Illustrated notes

Levels and vault maps discovered:
D:1:      minmay_arrival_doors, layout_basic
D:2:      kb_forest_paths, layout_loops_corners, serial_shops, shop_statue,
          uniq_sigmund
D:3:      layout_basic, lemuel_zombie_altar_yredelemnul, saegor_snake_ambush,
          uniq_grinder, uniq_jessica, uniq_crazy_yiuf_cottage

Skill      XL: |  1  2  3  4  5 |
---------------+----------------+-----
Long Blades    | 4 |  4.6
Armour         | 4 |  4.7
Fighting       | 4 |  4.1
Dodging        | |  0.8
Shields        | |  3.8

Action                     |  1- 3 |  4- 6 || total
---------------------------+-------+-------++-------
  Melee: Long sword        |    66 |    97 ||   163
         Kick              |    16 |    25 ||    41
         Peck              |     6 |    20 ||    26
  Throw: Dart              |       |     2 ||     2
   Stab: Sleeping          |       |     1 ||     1
 Armour: Scale mail        |    37 |    25 ||    62
         Robe              |       |    33 ||    33
  Dodge: Dodged            |    32 |    69 ||   101
  Block: Buckler           |    18 |    19 ||    37

Table legend: (Time is in decaauts)
 A = Elapsed time spent in this place.
 B = Non-inter-level travel time spent in this place.
 C = Inter-level travel time spent in this place.
 D = Time resting spent in this place.
 E = Time spent auto-exploring this place.
 F = Levels seen in this place.
 G = Mean time per level.
                   A        B        C        D        E       F      G
               +--------+--------+--------+--------+--------+-----+--------+
         Total |   2142 |   1996 |    146 |    145 |   1132 |   3 |  714.0 |
       Dungeon |   2142 |   1996 |    146 |    145 |   1132 |   3 |  714.0 |
               +--------+--------+--------+--------+--------+-----+--------+

Top non-repeatable levels by time:
     D:2: 1222 daAuts
     D:1: 704 daAuts
     D:3: 215 daAuts
